 Dungeon Crawl Stone Soup version 0.29-a0-299-g4c793a2ed2 (webtiles) character file.

Game seed: 2934834007400197201

2014 HotDog the Cudgeller (level 9, -7/54 HPs)
             Began as a Gargoyle Fighter on Mar 24, 2022.
             Was a Follower of the Shining One.
             Killed by divine providence
             ... invoked by an orc priest
              (15 damage)
             ... on level 7 of the Dungeon.
             The game lasted 00:15:06 (8560 turns).

HotDog the Cudgeller (Gargoyle Fighter)             Turns: 8560, Time: 00:15:06

Health: -7/54      AC: 23    Str: 20 (21) XL:     9   Next: 22%
Magic:  12/12      EV:  8    Int:  9 (10) God:    the Shining One [*.....]
Gold:   293        SH: 10    Dex:  9 (11) Spells: 8/8 levels left

rFire   . . .      SeeInvis .   a - +0 flail
rCold   . . .      Faith    .   c - +0 buckler
rNeg    + . .      Spirit   .   r - +0 chain mail
rPois   ∞          Reflect  +   k - +2 helmet
rElec   +          Harm     .   (no cloak)
rCorr   .          Rampage  .   m - +0 pair of gloves
Will    .....                   e - +1 pair of boots
Stlth   ..........              f - amulet of reflection
HPRegen 0.18/turn               n - ring of flight
MPRegen 0.13/turn               (no ring)

@: flying, glowing
A: sickness immunity, AC +6, negative energy resistance 1, electricity
resistance, torment resistance 1, petrification resistance
a: Renounce Religion, Divine Shield


You were on level 7 of the Dungeon.
You worshipped the Shining One.
The Shining One was aware of your devotion.
You visited 2 branches of the dungeon, and saw 8 of its levels.

You collected 293 gold pieces.

Inventory:

Hand Weapons
 a - a +0 flail (weapon)
Armour
 c - a +0 buckler (worn)
 e - a +1 pair of boots (worn)
 k - a +2 helmet (worn)
 m - a +0 pair of gloves (worn)
 r - a +0 chain mail (worn)
Jewellery
 f - an amulet of reflection (around neck)
 n - a ring of flight (left hand)
 s - an amulet of faith
Wands
 v - a wand of flame (18)
Scrolls
 h - 8 scrolls of teleportation
 l - 2 scrolls of amnesia
 u - a scroll of enchant weapon {unknown}
 w - a scroll of identify
Potions
 b - a potion of berserk rage {unknown}
 d - 2 potions of might
 g - 3 potions of heal wounds
 i - 2 potions of curing
 j - a potion of magic {unknown}
 o - 2 potions of degeneration
 p - a potion of cancellation
 q - a potion of brilliance {unknown}
 t - a potion of attraction {unknown}


   Skills:
 * Level 5.5 Fighting
 * Level 7.1 Maces & Flails
 * Level 6.2 Armour
 * Level 3.1 Dodging
 * Level 5.7 Shields
 * Level 4.2 Invocations


You had 8 spell levels left.
You didn't know any spells.
Your spell library contained the following spells:

 Spells                   Type           Power      Damage    Failure   Level
 Animate Dead             Necr           0%         N/A       100%        4
 Borgnjor's Vile Clutch   Necr/Erth      0%         N/A       100%        5
 Death Channel            Necr           0%         N/A       100%        6


Dungeon Overview and Level Annotations

Branches:
Dungeon (7/15)             Temple (1/1) D:5

Altars:
Ashenzari
Cheibriados
Dithmenos
Elyvilon
Fedhas
Gozag
Hepliaklqana
Kikubaaqudgha
Makhleb
Nemelex Xobeh
Okawaru
Qazlal
Trog
Uskayaw
Vehumet
Wu Jian
Xom
Yredelemnul
Zin
The Shining One

Shops:
D:4 ?

Annotations:
D:4 Pikel, Sigmund


Innate Abilities, Weirdness & Mutations

You are immune to sickness and miasma.
Your stone body is resilient. (AC +6)
You are immune to poison.
You resist negative energy. (rN+)
You are resistant to electric shocks. (rElec)
You are resistant to unholy torment.
You are immune to petrification.


Message History

You block the ice beast's attack.
You hit the ice beast.
The ice beast is moderately wounded.
You block the ice beast's attack.
You hit the ice beast but do no damage.
The ice beast is moderately wounded.
The ice beast hits you but does no damage.
You hit the ice beast but do no damage.
The ice beast is moderately wounded.
The ice beast hits you but does no damage.
The orc priest calls down the wrath of Beogh upon you.
Beogh smites you!
You hit the ice beast.
The ice beast is heavily wounded.
You block the ice beast's attack.
You hit the ice beast.
The ice beast is heavily wounded.
The ice beast hits you but does no damage.
You hit the ice beast but do no damage.
The ice beast is heavily wounded.
The ice beast hits you but does no damage.
You hit the ice beast.
The ice beast is severely wounded.
The ice beast hits you but does no damage.
You hit the ice beast.
The ice beast is severely wounded.
The ice beast hits you but does no damage.
The orc priest begins to cast a cantrip, but forgets the words!
The orc priest mumbles some strange prayers to Beogh against you.
Beogh smites you!
The ice beast hits you but does no damage.
The ice beast attacks as you move away!
The ice beast hits you but does no damage.
The ice beast attacks as you move away! The ice beast closely misses you.
The orc priest mumbles some strange prayers to Beogh against you.
Beogh smites you!
* * * LOW HITPOINT WARNING * * *
The orc priest invokes the aid of Beogh against you.
Beogh smites you!
You die...

.. .........# .........
........#####
...........##########.#
#.........##..........
#.....................
#............#######..
#....@....#.........
##<.#..Y.o.o########
##.##...####o....#
#..#..#...##.....#
#...(####..#..<.....
#.....# #.#........
#........#.#..[.....
########............
#....#.##..


You could see an ice beast, 2 orc priests and an orc.

Vanquished Creatures
  Grinder (D:3)
  A steam dragon (D:6)
  2 sky beasts
  A phantom (D:6)
  4 gnoll sergeants
  A bullfrog (D:4)
  2 necrophages
  2 scorpions (D:5)
  A killer bee (D:5)
  4 hounds
  A jelly (D:3)
  An orc priest (D:3)
  3 gnoll shamans (D:5)
  3 iguanas (D:5)
  Jessica (D:2)
  Natasha (thrice) (D:2)
  19 gnolls
  8 adders
  2 white imps
  2 ufetubi
  2 dart slugs (D:5)
  16 orcs
  An endoplasm (D:3)
  4 giant cockroaches
  6 hobgoblins
  9 jackals (D:5)
  8 quokkas
  4 ball pythons
  8 bats
  A frilled lizard (D:3)
  2 goblins
  5 kobolds
  6 rats
134 creatures vanquished.

Notes
Turn   | Place    | Note
-------+----------+-------------------------------------------
     0 | D:1      | HotDog the Gargoyle Fighter began the quest for the Orb.
     0 | D:1      | Reached XP level 1. HP: 14/14 MP: 1/1
   276 | D:1      | Reached XP level 2. HP: 19/19 MP: 2/2
   304 | D:1      | Reached skill level 1 in Invocations
   664 | D:2      | Noticed Natasha
   676 | D:2      | Killed Natasha
   677 | D:2      | Reached XP level 3. HP: 12/23 MP: 3/3
   862 | D:2      | Noticed Natasha
   868 | D:2      | Killed Natasha
   869 | D:2      | Reached XP level 4. HP: 27/28 MP: 3/5
  1084 | D:2      | Found a faded altar of an unknown god.
  1240 | D:2      | Noticed Jessica
  1247 | D:2      | Killed Jessica
  1248 | D:2      | Reached skill level 3 in Maces & Flails
  1712 | D:3      | Reached XP level 5. HP: 29/33 MP: 6/6
  1730 | D:2      | Reached skill level 1 in Dodging
  2193 | D:2      | Noticed Natasha
  2362 | D:2      | Killed Natasha
  2588 | D:3      | Noticed Grinder
  2605 | D:3      | Killed Grinder
  2606 | D:3      | Reached skill level 4 in Maces & Flails
  2606 | D:3      | Reached XP level 6. HP: 32/38 MP: 7/7
  2776 | D:3      | Reached XP level 7. HP: 35/43 MP: 8/8
  3016 | D:4      | Noticed Pikel
  3039 | D:4      | Noticed Sigmund
  3571 | D:4      | Found Laikidoa's Magic Scroll Shoppe.
  3612 | D:5      | Entered Level 5 of the Dungeon
  3626 | D:5      | Reached skill level 5 in Maces & Flails
  4567 | D:5      | Reached skill level 5 in Armour
  5226 | D:5      | Reached XP level 8. HP: 45/48 MP: 10/10
  5289 | D:5      | Found a staircase to the Ecumenical Temple.
  5318 | Temple   | Entered the Ecumenical Temple
  5520 | Temple   | Became a worshipper of the Shining One
  5884 | D:5      | Reached skill level 6 in Maces & Flails
  5991 | D:5      | Reached skill level 5 in Fighting
  5991 | D:5      | Reached skill level 5 in Shields
  7077 | D:5      | Reached XP level 9. HP: 29/54 MP: 11/11
  7949 | D:6      | Reached skill level 7 in Maces & Flails
  8538 | D:7      | Reached * piety under the Shining One
  8560 | D:7      | Killed from afar by an orc priest

Illustrated notes

Levels and vault maps discovered:
D:1:      psy_arrival_basics, layout_rooms
D:2:      layout_basic, shapermc_ecumenical_altar_starsandcircs,
          chequers_serial_rivers_micro_e, kennysheep_jessica_study, uniq_natasha
D:3:      layout_rooms, palyth_stone_intersect, uniq_grinder
D:4:      minmay_door_path, layout_layer_cave, serial_shops,
          nicolae_shop_behind_doors, grunt_decor_cap, uniq_pikel, uniq_sigmund
D:5:      wad_river_or_something, layout_cave_pools,
          minmay_temple_entry_water_ring, serial_gnoll_camp,
          gnoll_camp_huts_basic, gnoll_camp_mini_doghouse, gnoll_camp_mini_hut,
          gnoll_camp_mini_hut
D:6:      layout_rooms
D:7:      layout_rooms, chequers_serial_rivers_micro_a
Temple:   regret_index_temple_chain_breaker

Skill      XL: |  1  2  3  4  5  6  7  8  9 |
---------------+----------------------------+-----
Invocations    | 1 2 3 4 |  4.2
Maces & Flails | 3 4 5 6 7 |  7.1
Armour         | 4 5 6 |  6.2
Dodging        | 1 2 3 |  3.1
Fighting       | 4 5 |  5.5
Shields        | 4 5 |  5.7

Action                   |  1- 3 |  4- 6 |  7- 9 || total
-------------------------+-------+-------+-------++-------
Melee: Flail             |    69 |   128 |   461 ||   658
  Use: Scroll            |       |     4 |     3 ||     7
       Potion            |       |       |     4 ||     4
Armor: Scale mail        |    47 |    90 |   303 ||   440
       Chain mail        |       |       |   119 ||   119
Dodge: Dodged            |    43 |    74 |   317 ||   434
Block: Buckler           |    23 |    33 |   229 ||   285
       Reflection        |       |       |     2 ||     2

Table legend: (Time is in decaauts)
 A = Elapsed time spent in this place.
 B = Non-inter-level travel time spent in this place.
 C = Inter-level travel time spent in this place.
 D = Time resting spent in this place.
 E = Time spent auto-exploring this place.
 F = Levels seen in this place.
 G = Mean time per level.
                   A        B        C        D        E       F      G
               +--------+--------+--------+--------+--------+-----+--------+
         Total |   8705 |   8518 |    187 |   3269 |   3365 |   8 | 1088.1 |
       Dungeon |   8487 |   8352 |    135 |   3269 |   3263 |   7 | 1212.4 |
        Temple |    217 |    165 |     52 |      0 |    102 |   1 |  217.0 |
               +--------+--------+--------+--------+--------+-----+--------+

Top non-repeatable levels by time:
     D:5: 2986 daAuts
     D:2: 2180 daAuts
     D:3: 1330 daAuts
     D:6: 889 daAuts
     D:1: 634 daAuts
     D:4: 393 daAuts
  Temple: 217 daAuts
     D:7: 73 daAuts
